Canucks vs Lightning

Created - March 9 2012 at 19:15

Goals
1 2 3 T
Canucks 1 0 2 3
Lightning 1 1 0 2
Shots
1 2 3 T
Canucks 6 7 6 19
Lightning 15 4 1 20

Period #1

1. Canucks , Corey Perry 42 (Mikko Koivu, Duncan Keith) at 0:12
2. Lightning , Martin St. Louis 22 (Patrick Kane, Paul Stastny) at 13:52

Penalties :
Brooks Laich (VAN) for Roughing (Minor) at 4:37, John Erskine (TBL) for High sticking (Minor) at 18:41

Period #2

3. Lightning , Andrej Meszaros 9 (Patrick Sharp, Tomas Plekanec) at 2:40

Penalties :
Patrick Sharp (TBL) for Slashing (Double Minor) at 4:58, Duncan Keith (VAN) for Holding (Minor) at 12:23, David Backes (VAN) for High sticking (Minor) at 16:39

Period #3

4. Canucks , Tomas Holmstrom 10 (Fedor Tyutin) at 8:42
5. Canucks , Corey Perry 43 (Alex Pietrangelo, Mikko Koivu) at 12:45 (PP)

Penalties :
Duncan Keith (VAN) for Holding (Minor) at 1:33, Tim Gleason (TBL) for Tripping (Minor) at 11:35, Andrej Meszaros (TBL) for Roughing (Minor) at 16:18

Goalie Stats

Henrik Lundqvist (VAN), 18 saves from 20 shots - (0.900), W, 37-15-4, 60:00 minutes
Jaroslav Halak (TBL), 16 saves from 19 shots - (0.842), L, 14-12-1, 59:14 minutes

Players Stats

Canucks
Player Name              G  A  P  +/- PIM S  H  SB FO    MP 
------------------------------------------------------------
Alex Pietrangelo         0  1  1  -1  0   0  0  1  0/0   21 
Brandon Sutter           0  0  0   1  0   0  0  0  5/8   9  
Brooks Laich             0  0  0   0  2   3  1  0  9/18  17 
Corey Perry              2  0  2   0  0   4  1  1  3/4   21 
David Backes             0  0  0  -1  2   0  3  0  0/1   18 
Dmitry Kulikov           0  0  0   0  0   0  2  2  0/0   13 
Duncan Keith             0  1  1   0  4   2  1  3  0/0   19 
Erik Karlsson            0  0  0   0  0   1  1  2  0/0   20 
Fedor Tyutin             0  1  1   1  0   0  2  2  0/0   18 
James van Riemsdyk       0  0  0   0  0   4  2  0  0/0   19 
Kris Russell             0  0  0   1  0   0  0  0  0/0   9  
Loui Eriksson            0  0  0  -1  0   1  0  0  1/2   20 
Matthew Carle            0  0  0  -1  0   0  0  1  0/0   19 
Maxime Talbot            0  0  0   0  0   1  1  0  0/0   17 
Mikko Koivu              0  2  2   0  0   0  0  1  9/13  19 
Phil Kessel              0  0  0  -1  0   1  0  0  12/21 15 
Tomas Holmstrom          1  0  1   1  0   1  0  0  1/1   5  
Valtteri Filppula        0  0  0   1  0   1  0  0  1/2   12 
Lightning
Player Name              G  A  P  +/- PIM S  H  SB FO    MP 
------------------------------------------------------------
Andrej Meszaros          1  0  1   0  2   2  2  0  0/0   18 
Andy Sutton              0  0  0   0  0   0  1  3  0/0   20 
Brent Seabrook           0  0  0  -1  0   1  3  3  0/0   18 
Derek Joslin             0  0  0   1  0   0  0  0  0/0   6  
John Erskine             0  0  0   1  2   1  0  0  0/0   6  
Josh Gorges              0  0  0   0  0   0  0  0  0/0   19 
Marcel Goc               0  0  0   0  0   0  0  1  7/18  17 
Marek Zidlicky           0  0  0  -1  0   0  1  2  0/0   13 
Martin Havlat            0  0  0   0  0   1  0  0  0/1   19 
Martin St. Louis         1  0  1   0  0   4  1  0  0/1   23 
Nick Spaling             0  0  0   0  0   0  0  0  0/1   5  
Patrick Kane             0  1  1   0  0   4  0  0  1/2   20 
Patrick Sharp            0  1  1   0  4   4  0  0  1/4   20 
Paul Stastny             0  1  1   0  0   0  2  0  10/21 21 
Scott Hartnell           0  0  0   0  0   1  2  0  1/2   14 
Teddy Purcell            0  0  0   0  0   0  0  0  0/0   13 
Tim Gleason              0  0  0   0  2   0  3  1  0/0   18 
Tomas Plekanec           0  1  1   0  0   2  0  0  9/20  22 

3 Stars

1 - Corey Perry (VAN)
2 - Tomas Holmstrom (VAN)
3 - Martin St. Louis (TBL)

Power Play

Canucks - 1 on 5 Attempt(s) - 20.00%
Lightning - 0 on 4 Attempt(s) - 0.00%

Penalty Kill

Canucks - 4 on 4 Attempt(s) - 100.00% - Score 0 goal in Penalty Kill
Lightning - 4 on 5 Attempt(s) - 80.00% - Score 0 goal in Penalty Kill

Game Notes

No Game Note

Finance

Level 1 -- Attendance: 4226 (65.02%) -- Ticket Income $528,250.00
Level 2 -- Attendance: 3366 (67.32%) -- Ticket Income $235,620.00
Level 3 -- Attendance: 2258 (64.51%) -- Ticket Income $94,836.00
Level 4 -- Attendance: 1555 (41.38%) -- Ticket Income $46,650.00
Luxury Box -- Attendance: 621 (62.10%) -- Ticket Income $155,250.00
Game was played at the St.Pete Times Forum
Total Attendance: 12026 (60.87%)
Total Ticket Income: $1,160,666.00
Other Income: $202,043.70
Total Income: $1,362,710.00


Play by Play

Period #1

0:01 of 1st period - Mikko Koivu wins face-off versus Paul Stastny in neutral zone.
0:10 of 1st period - Shot by Corey Perry.
0:10 of 1st period - Shot Blocked by Marek Zidlicky.
0:12 of 1st period - Shot by Mikko Koivu.
0:12 of 1st period - Deflect By Corey Perry.
0:12 of 1st period - Goal by Corey Perry - Canucks : 1 - Lightning : 0.
0:13 of 1st period - Phil Kessel wins face-off versus Patrick Sharp in neutral zone.
0:54 of 1st period - Icing by Matthew Carle.
0:55 of 1st period - Paul Stastny wins face-off versus Phil Kessel in Canucks zone.
1:33 of 1st period - Shot by Patrick Kane.
1:33 of 1st period - Shot Misses the Net.
1:37 of 1st period - Shot by Patrick Kane.
1:37 of 1st period - Shot Misses the Net.
1:49 of 1st period - Marcel Goc is hit by Corey Perry and loses puck.
1:58 of 1st period - Tim Gleason is hit by James van Riemsdyk and loses puck.
2:15 of 1st period - Shot by Scott Hartnell.
2:15 of 1st period - Stopped by Henrik Lundqvist without a rebound.
2:16 of 1st period - Brooks Laich wins face-off versus Tomas Plekanec in Canucks zone.
3:20 of 1st period - Shot by Patrick Kane.
3:20 of 1st period - Stopped by Henrik Lundqvist with a rebound.
3:26 of 1st period - Shot by Martin St. Louis.
3:26 of 1st period - Stopped by Henrik Lundqvist without a rebound.
3:27 of 1st period - Marcel Goc wins face-off versus Phil Kessel in Canucks zone.
4:35 of 1st period - Icing by Martin St. Louis.
4:36 of 1st period - Paul Stastny wins face-off versus Brooks Laich in Lightning zone.
4:36 of 1st period - Paul Stastny is hit by Brooks Laich.
4:37 of 1st period - Minor Penalty to Brooks Laich for Roughing.
4:38 of 1st period - Corey Perry wins face-off versus Paul Stastny in Canucks zone.
4:47 of 1st period - Shot by Brent Seabrook.
4:47 of 1st period - Shot Blocked by Fedor Tyutin.
4:49 of 1st period - Shot by Martin St. Louis.
4:49 of 1st period - Stopped by Henrik Lundqvist without a rebound.
4:50 of 1st period - Tomas Plekanec wins face-off versus Corey Perry in Canucks zone.
5:56 of 1st period - Shot by Patrick Kane.
5:56 of 1st period - Stopped by Henrik Lundqvist without a rebound.
5:57 of 1st period - Loui Eriksson wins face-off versus Patrick Kane in Canucks zone.
6:10 of 1st period - Shot by Martin St. Louis.
6:10 of 1st period - Deflect By Paul Stastny.
6:10 of 1st period - Shot Misses the Net.
6:12 of 1st period - Shot by Patrick Kane.
6:12 of 1st period - Stopped by Henrik Lundqvist with a rebound.
6:14 of 1st period - Shot by Brent Seabrook.
6:14 of 1st period - Stopped by Henrik Lundqvist without a rebound.
6:15 of 1st period - Tomas Plekanec wins face-off versus Brandon Sutter in Canucks zone.
6:47 of 1st period - Shot by Patrick Sharp.
6:47 of 1st period - Shot Blocked by Mikko Koivu.
6:49 of 1st period - Shot by Patrick Sharp.
6:49 of 1st period - Stopped by Henrik Lundqvist without a rebound.
6:50 of 1st period - Corey Perry wins face-off versus Paul Stastny in Canucks zone.
7:43 of 1st period - Shot by Patrick Sharp.
7:43 of 1st period - Shot Blocked by Duncan Keith.
7:45 of 1st period - Shot by Martin Havlat.
7:45 of 1st period - Shot Hit the Post.
7:47 of 1st period - Shot by Tomas Plekanec.
7:47 of 1st period - Stopped by Henrik Lundqvist without a rebound.
7:48 of 1st period - Marcel Goc wins face-off versus Phil Kessel in Canucks zone.
8:08 of 1st period - Shot by Phil Kessel.
8:08 of 1st period - Deflect By Loui Eriksson.
8:08 of 1st period - Stopped by Jaroslav Halak without a rebound.
8:09 of 1st period - Valtteri Filppula wins face-off versus Tomas Plekanec in Lightning zone.
8:17 of 1st period - Icing by Andrej Meszaros.
8:18 of 1st period - Tomas Holmstrom wins face-off versus Tomas Plekanec in Lightning zone.
8:29 of 1st period - Shot by Martin Havlat.
8:29 of 1st period - Shot Blocked by Alex Pietrangelo.
8:31 of 1st period - Shot by Andrej Meszaros.
8:31 of 1st period - Stopped by Henrik Lundqvist without a rebound.
8:32 of 1st period - Paul Stastny wins face-off versus Brooks Laich in Canucks zone.
8:45 of 1st period - Paul Stastny is hit by Maxime Talbot and loses puck.
9:35 of 1st period - Shot by Loui Eriksson.
9:35 of 1st period - Shot Blocked by Marcel Goc.
9:37 of 1st period - Shot by David Backes.
9:37 of 1st period - Shot Misses the Net.
9:41 of 1st period - Shot by Phil Kessel.
9:41 of 1st period - Shot Misses the Net.
10:05 of 1st period - Icing by Alex Pietrangelo.
10:06 of 1st period - Tomas Plekanec wins face-off versus Phil Kessel in Canucks zone.
11:03 of 1st period - Shot by Corey Perry.
11:03 of 1st period - Deflect By James van Riemsdyk.
11:03 of 1st period - Stopped by Jaroslav Halak without a rebound.
11:04 of 1st period - Brooks Laich wins face-off versus Paul Stastny in Lightning zone.
11:11 of 1st period - Shot by Maxime Talbot.
11:11 of 1st period - Stopped by Jaroslav Halak without a rebound.
11:12 of 1st period - Mikko Koivu wins face-off versus Marcel Goc in Lightning zone.
11:12 of 1st period - Mikko Koivu is hit by Tim Gleason.
11:21 of 1st period - Icing by Tim Gleason.
11:22 of 1st period - Marcel Goc wins face-off versus Brooks Laich in Lightning zone.
11:24 of 1st period - Icing by Tim Gleason.
11:25 of 1st period - Brooks Laich wins face-off versus Marcel Goc in Lightning zone.
11:43 of 1st period - Marcel Goc is hit by Fedor Tyutin and loses puck.
11:47 of 1st period - Teddy Purcell is hit by Dmitry Kulikov and loses puck.
12:03 of 1st period - Teddy Purcell is hit by Dmitry Kulikov and loses puck.
12:28 of 1st period - Corey Perry is hit by Brent Seabrook and loses puck.
12:39 of 1st period - Shot by Patrick Kane.
12:39 of 1st period - Shot Misses the Net.
12:41 of 1st period - Shot by Brent Seabrook.
12:41 of 1st period - Shot Misses the Net.
12:45 of 1st period - Shot by Patrick Kane.
12:45 of 1st period - Stopped by Henrik Lundqvist without a rebound.
12:46 of 1st period - Brandon Sutter wins face-off versus Tomas Plekanec in Canucks zone.
13:52 of 1st period - Shot by Martin St. Louis.
13:52 of 1st period - Goal by Martin St. Louis - Canucks : 1 - Lightning : 1.
13:53 of 1st period - Brooks Laich wins face-off versus Marcel Goc in neutral zone.
13:53 of 1st period - Dmitry Kulikov is hit by Scott Hartnell and loses puck.
14:01 of 1st period - Valtteri Filppula is hit by Tim Gleason and loses puck.
15:06 of 1st period - Shot by Martin St. Louis.
15:06 of 1st period - Stopped by Henrik Lundqvist without a rebound.
15:07 of 1st period - Tomas Plekanec wins face-off versus Phil Kessel in Canucks zone.
15:42 of 1st period - Shot by Patrick Sharp.
15:42 of 1st period - Stopped by Henrik Lundqvist without a rebound.
15:43 of 1st period - Mikko Koivu wins face-off versus Paul Stastny in Canucks zone.
16:04 of 1st period - Shot by Corey Perry.
16:04 of 1st period - Stopped by Jaroslav Halak without a rebound.
16:05 of 1st period - Paul Stastny wins face-off versus Brooks Laich in Lightning zone.
16:10 of 1st period - Valtteri Filppula is hit by Martin St. Louis and loses puck.
16:36 of 1st period - Shot by Martin St. Louis.
16:36 of 1st period - Deflect By Paul Stastny.
16:36 of 1st period - Shot Misses the Net.
16:46 of 1st period - Shot by Brooks Laich.
16:46 of 1st period - Stopped by Jaroslav Halak without a rebound.
16:47 of 1st period - Phil Kessel wins face-off versus Marcel Goc in Lightning zone.
16:49 of 1st period - Loui Eriksson is hit by Tim Gleason and loses puck.
16:53 of 1st period - Icing by Tim Gleason.
16:54 of 1st period - Mikko Koivu wins face-off versus Marcel Goc in Lightning zone.
16:54 of 1st period - James van Riemsdyk is hit by Andy Sutton and loses puck.
17:05 of 1st period - Shot by Scott Hartnell.
17:05 of 1st period - Shot Blocked by Duncan Keith.
17:27 of 1st period - Shot by Teddy Purcell.
17:27 of 1st period - Shot Misses the Net.
17:31 of 1st period - Shot by Marcel Goc.
17:31 of 1st period - Shot Misses the Net.
18:09 of 1st period - Shot by Patrick Sharp.
18:09 of 1st period - Stopped by Henrik Lundqvist without a rebound.
18:10 of 1st period - Phil Kessel wins face-off versus Paul Stastny in Canucks zone.
18:19 of 1st period - Shot by David Backes.
18:19 of 1st period - Shot Blocked by Marek Zidlicky.
18:26 of 1st period - Off-side.
18:27 of 1st period - Brooks Laich wins face-off versus Paul Stastny in neutral zone.
18:41 of 1st period - Minor Penalty to John Erskine for High sticking.
18:42 of 1st period - Phil Kessel wins face-off versus Tomas Plekanec in Lightning zone.

Period #2

0:01 of 2nd period - Mikko Koivu wins face-off versus Nick Spaling in neutral zone.
0:15 of 2nd period - Off-side.
0:16 of 2nd period - Phil Kessel wins face-off versus Marcel Goc in neutral zone.
0:33 of 2nd period - Shot by David Backes.
0:33 of 2nd period - Shot Misses the Net.
0:35 of 2nd period - Shot by Duncan Keith.
0:35 of 2nd period - Stopped by Jaroslav Halak without a rebound.
0:36 of 2nd period - Tomas Plekanec wins face-off versus Mikko Koivu in Lightning zone.
1:03 of 2nd period - Shot by Martin St. Louis.
1:03 of 2nd period - Shot Misses the Net.
1:41 of 2nd period - Shot by Martin Havlat.
1:41 of 2nd period - Shot Blocked by Fedor Tyutin.
1:43 of 2nd period - Shot by Patrick Sharp.
1:43 of 2nd period - Shot Misses the Net.
1:45 of 2nd period - Shot by Andrej Meszaros.
1:45 of 2nd period - Shot Misses the Net.
1:47 of 2nd period - Shot by Martin Havlat.
1:47 of 2nd period - Stopped by Henrik Lundqvist without a rebound.
1:48 of 2nd period - Marcel Goc wins face-off versus Mikko Koivu in Canucks zone.
2:02 of 2nd period - Shot by James van Riemsdyk.
2:02 of 2nd period - Stopped by Jaroslav Halak without a rebound.
2:03 of 2nd period - Phil Kessel wins face-off versus Patrick Sharp in Lightning zone.
2:36 of 2nd period - Shot by Tomas Plekanec.
2:36 of 2nd period - Stopped by Henrik Lundqvist with a rebound.
2:38 of 2nd period - Shot by Patrick Sharp.
2:38 of 2nd period - Shot Blocked by Matthew Carle.
2:40 of 2nd period - Shot by Andrej Meszaros.
2:40 of 2nd period - Goal by Andrej Meszaros - Canucks : 1 - Lightning : 2.
2:41 of 2nd period - Mikko Koivu wins face-off versus Marcel Goc in neutral zone.
3:06 of 2nd period - Shot by Corey Perry.
3:06 of 2nd period - Shot Misses the Net.
4:58 of 2nd period - Double Minor Penalty to Patrick Sharp for Slashing.
4:59 of 2nd period - Marcel Goc wins face-off versus Phil Kessel in Lightning zone.
7:08 of 2nd period - Shot by Corey Perry.
7:08 of 2nd period - Deflect By Loui Eriksson.
7:08 of 2nd period - Shot Misses the Net.
7:12 of 2nd period - Shot by Corey Perry.
7:12 of 2nd period - Shot Blocked by Brent Seabrook.
7:58 of 2nd period - Icing by Loui Eriksson.
7:59 of 2nd period - Mikko Koivu wins face-off versus Marcel Goc in Canucks zone.
8:31 of 2nd period - Shot by James van Riemsdyk.
8:31 of 2nd period - Deflect By Phil Kessel.
8:31 of 2nd period - Shot Misses the Net.
8:33 of 2nd period - Shot by James van Riemsdyk.
8:33 of 2nd period - Stopped by Jaroslav Halak without a rebound.
8:34 of 2nd period - Phil Kessel wins face-off versus Marcel Goc in Lightning zone.
9:07 of 2nd period - Shot by Paul Stastny.
9:07 of 2nd period - Shot Misses the Net.
10:45 of 2nd period - Shot by James van Riemsdyk.
10:45 of 2nd period - Shot Blocked by Andy Sutton.
10:47 of 2nd period - Shot by Duncan Keith.
10:47 of 2nd period - Stopped by Jaroslav Halak without a rebound.
10:48 of 2nd period - Mikko Koivu wins face-off versus Paul Stastny in Lightning zone.
10:48 of 2nd period - James van Riemsdyk is hit by Marek Zidlicky and loses puck.
10:55 of 2nd period - Corey Perry is hit by Paul Stastny and loses puck.
11:47 of 2nd period - Martin Havlat is hit by Erik Karlsson and loses puck.
12:06 of 2nd period - Icing by Duncan Keith.
12:07 of 2nd period - Marcel Goc wins face-off versus Mikko Koivu in Canucks zone.
12:23 of 2nd period - Minor Penalty to Duncan Keith for Holding.
12:24 of 2nd period - Paul Stastny wins face-off versus Brandon Sutter in Canucks zone.
12:50 of 2nd period - Off-side.
12:51 of 2nd period - Brooks Laich wins face-off versus Tomas Plekanec in neutral zone.
14:43 of 2nd period - Shot by Phil Kessel.
14:43 of 2nd period - Stopped by Jaroslav Halak without a rebound.
14:44 of 2nd period - Brooks Laich wins face-off versus Tomas Plekanec in Lightning zone.
14:52 of 2nd period - Icing by Patrick Sharp.
14:53 of 2nd period - Tomas Plekanec wins face-off versus Brandon Sutter in Lightning zone.
15:24 of 2nd period - Off-side.
15:25 of 2nd period - Mikko Koivu wins face-off versus Scott Hartnell in neutral zone.
15:42 of 2nd period - Shot by Teddy Purcell.
15:42 of 2nd period - Shot Blocked by Corey Perry.
16:02 of 2nd period - Shot by Corey Perry.
16:02 of 2nd period - Shot Blocked by Andy Sutton.
16:04 of 2nd period - Shot by James van Riemsdyk.
16:04 of 2nd period - Stopped by Jaroslav Halak without a rebound.
16:05 of 2nd period - Brooks Laich wins face-off versus Paul Stastny in Lightning zone.
16:05 of 2nd period - Brooks Laich is hit by Brent Seabrook.
16:37 of 2nd period - Shot by Brooks Laich.
16:37 of 2nd period - Deflect By Valtteri Filppula.
16:37 of 2nd period - Stopped by Jaroslav Halak without a rebound.
16:38 of 2nd period - Tomas Plekanec wins face-off versus Phil Kessel in Lightning zone.
16:38 of 2nd period - Tomas Plekanec is hit by David Backes.
16:39 of 2nd period - Minor Penalty to David Backes for High sticking.
16:40 of 2nd period - Patrick Sharp wins face-off versus Brooks Laich in Canucks zone.
18:18 of 2nd period - Shot by Tomas Plekanec.
18:18 of 2nd period - Deflect By Patrick Sharp.
18:18 of 2nd period - Stopped by Henrik Lundqvist with a rebound.
18:38 of 2nd period - Loui Eriksson is hit by Scott Hartnell and loses puck.

Period #3

0:01 of 3rd period - Corey Perry wins face-off versus Paul Stastny in neutral zone.
0:04 of 3rd period - Shot by James van Riemsdyk.
0:04 of 3rd period - Deflect By Corey Perry.
0:04 of 3rd period - Stopped by Jaroslav Halak without a rebound.
0:05 of 3rd period - Phil Kessel wins face-off versus Patrick Sharp in Lightning zone.
1:14 of 3rd period - Patrick Kane is hit by Duncan Keith.
1:33 of 3rd period - Minor Penalty to Duncan Keith for Holding.
1:34 of 3rd period - Brooks Laich wins face-off versus Paul Stastny in Canucks zone.
3:02 of 3rd period - Dmitry Kulikov is hit by Paul Stastny and loses puck.
3:55 of 3rd period - Shot by Mikko Koivu.
3:55 of 3rd period - Shot Blocked by Tim Gleason.
4:01 of 3rd period - Shot by Marcel Goc.
4:01 of 3rd period - Shot Blocked by Duncan Keith.
4:03 of 3rd period - Shot by Scott Hartnell.
4:03 of 3rd period - Shot Blocked by Erik Karlsson.
4:05 of 3rd period - Shot by Scott Hartnell.
4:05 of 3rd period - Shot Hit the Post.
4:07 of 3rd period - Shot by Scott Hartnell.
4:07 of 3rd period - Shot Blocked by Erik Karlsson.
4:21 of 3rd period - Shot by Tomas Plekanec.
4:21 of 3rd period - Shot Misses the Net.
4:25 of 3rd period - Shot by Patrick Sharp.
4:25 of 3rd period - Shot Misses the Net.
4:29 of 3rd period - Shot by Martin Havlat.
4:29 of 3rd period - Shot Misses the Net.
5:57 of 3rd period - Martin St. Louis is hit by Fedor Tyutin and loses puck.
6:00 of 3rd period - Shot by John Erskine.
6:00 of 3rd period - Stopped by Henrik Lundqvist without a rebound.
6:01 of 3rd period - Paul Stastny wins face-off versus David Backes in Canucks zone.
6:34 of 3rd period - Shot by Phil Kessel.
6:34 of 3rd period - Shot Blocked by Brent Seabrook.
6:47 of 3rd period - Icing by Alex Pietrangelo.
6:48 of 3rd period - Phil Kessel wins face-off versus Marcel Goc in Canucks zone.
7:34 of 3rd period - Shot by Corey Perry.
7:34 of 3rd period - Deflect By James van Riemsdyk.
7:34 of 3rd period - Shot Blocked by Andy Sutton.
7:36 of 3rd period - Shot by Duncan Keith.
7:36 of 3rd period - Shot Misses the Net.
7:38 of 3rd period - Shot by Duncan Keith.
7:38 of 3rd period - Shot Misses the Net.
7:40 of 3rd period - Shot by Mikko Koivu.
7:40 of 3rd period - Deflect By Corey Perry.
7:40 of 3rd period - Shot Misses the Net.
7:55 of 3rd period - Shot by Corey Perry.
7:55 of 3rd period - Deflect By Mikko Koivu.
7:55 of 3rd period - Shot Hit the Post.
7:57 of 3rd period - Shot by Mikko Koivu.
7:57 of 3rd period - Shot Misses the Net.
8:28 of 3rd period - Icing by Josh Gorges.
8:29 of 3rd period - Brandon Sutter wins face-off versus Tomas Plekanec in Lightning zone.
8:29 of 3rd period - Fedor Tyutin is hit by Andrej Meszaros and loses puck.
8:42 of 3rd period - Shot by Tomas Holmstrom.
8:42 of 3rd period - Goal by Tomas Holmstrom - Canucks : 2 - Lightning : 2.
8:43 of 3rd period - Paul Stastny wins face-off versus Valtteri Filppula in neutral zone.
9:40 of 3rd period - Shot by Erik Karlsson.
9:40 of 3rd period - Stopped by Jaroslav Halak without a rebound.
9:41 of 3rd period - Tomas Plekanec wins face-off versus Loui Eriksson in Lightning zone.
9:52 of 3rd period - Shot by Martin Havlat.
9:52 of 3rd period - Shot Misses the Net.
10:01 of 3rd period - Off-side.
10:02 of 3rd period - Paul Stastny wins face-off versus Mikko Koivu in neutral zone.
10:13 of 3rd period - Icing by Marek Zidlicky.
10:14 of 3rd period - Brandon Sutter wins face-off versus Martin St. Louis in Lightning zone.
10:32 of 3rd period - Icing by Alex Pietrangelo.
10:33 of 3rd period - Brandon Sutter wins face-off versus Martin Havlat in Canucks zone.
11:08 of 3rd period - Shot by Patrick Sharp.
11:08 of 3rd period - Shot Misses the Net.
11:35 of 3rd period - Minor Penalty to Tim Gleason for Tripping.
11:36 of 3rd period - Marcel Goc wins face-off versus Phil Kessel in Lightning zone.
12:41 of 3rd period - Shot by Corey Perry.
12:41 of 3rd period - Shot Misses the Net.
12:45 of 3rd period - Shot by Corey Perry.
12:45 of 3rd period - Goal by Corey Perry - Canucks : 3 - Lightning : 2.
12:46 of 3rd period - Paul Stastny wins face-off versus Brooks Laich in neutral zone.
12:51 of 3rd period - Shot by Martin St. Louis.
12:51 of 3rd period - Shot Blocked by Dmitry Kulikov.
13:06 of 3rd period - Icing by Fedor Tyutin.
13:07 of 3rd period - Scott Hartnell wins face-off versus Brooks Laich in Canucks zone.
13:20 of 3rd period - Shot by Brooks Laich.
13:20 of 3rd period - Stopped by Jaroslav Halak with a rebound.
13:22 of 3rd period - Shot by Fedor Tyutin.
13:22 of 3rd period - Shot Misses the Net.
13:24 of 3rd period - Shot by Brooks Laich.
13:24 of 3rd period - Shot Misses the Net.
13:26 of 3rd period - Shot by Brooks Laich.
13:26 of 3rd period - Stopped by Jaroslav Halak without a rebound.
13:27 of 3rd period - Brandon Sutter wins face-off versus Tomas Plekanec in Lightning zone.
13:35 of 3rd period - Icing by Josh Gorges.
13:36 of 3rd period - Phil Kessel wins face-off versus Tomas Plekanec in Lightning zone.
13:45 of 3rd period - Shot by Tomas Plekanec.
13:45 of 3rd period - Shot Misses the Net.
14:07 of 3rd period - Patrick Sharp is hit by David Backes and loses puck.
14:16 of 3rd period - Icing by Alex Pietrangelo.
14:17 of 3rd period - Paul Stastny wins face-off versus Phil Kessel in Canucks zone.
14:24 of 3rd period - Shot by Paul Stastny.
14:24 of 3rd period - Shot Misses the Net.
15:18 of 3rd period - Shot by Marcel Goc.
15:18 of 3rd period - Shot Blocked by Dmitry Kulikov.
15:52 of 3rd period - Shot by James van Riemsdyk.
15:52 of 3rd period - Shot Misses the Net.
16:01 of 3rd period - Scott Hartnell is hit by James van Riemsdyk and loses puck.
16:17 of 3rd period - Erik Karlsson is hit by Andrej Meszaros and loses puck.
16:18 of 3rd period - Minor Penalty to Andrej Meszaros for Roughing.
16:19 of 3rd period - Phil Kessel wins face-off versus Tomas Plekanec in Lightning zone.
16:19 of 3rd period - David Backes is hit by Brent Seabrook and loses puck.
16:42 of 3rd period - Shot by David Backes.
16:42 of 3rd period - Shot Blocked by Brent Seabrook.
18:03 of 3rd period - Icing by Phil Kessel.
18:04 of 3rd period - Phil Kessel wins face-off versus Marcel Goc in Canucks zone.
18:56 of 3rd period - Andrej Meszaros is hit by David Backes and loses puck.
19:03 of 3rd period - Shot by Corey Perry.
19:03 of 3rd period - Deflect By Phil Kessel.
19:03 of 3rd period - Shot Misses the Net.
19:08 of 3rd period - Icing by Josh Gorges.
19:09 of 3rd period - Tomas Plekanec wins face-off versus Brooks Laich in Lightning zone.
19:14 of 3rd period - Lightning, Jaroslav Halak is pulled from the net.
19:19 of 3rd period - Icing by Erik Karlsson.
19:20 of 3rd period - Patrick Kane wins face-off versus Brooks Laich in Canucks zone.


Output by the SimonT Hockey Simulator (STHS) for Stephane Roy -- Original Page W3C XHTML 1.0 Valid